Map: 暮色之塔

Players

ZooWhaleTail

  • Race: Zerg Zerg
  • League: Master

Jieshi - Winner!

  • Race: Protoss Protoss
  • League: Master

Event: GPL 2015 - Grand Finals

VOD

Have the link to the VOD?

Description

Time

  • Played on: Jan. 17, 2016, 8:33 a.m.
  • Length: 14:00

All games in this series

Show
View Real Time Build Order
Export as new Build Order

ZooWhaleTail Zerg 

Build Orders: 3 Hatch before Pool 

Get SALT Encoding   

  12  0:01  Drone  
  13  0:12  Overlord  
  13  0:18  Drone  
  14  0:31  Drone x2  
  14  0:35  Drone  
  17  0:54  Hatchery  
  17  0:57  Drone  
  17  0:59  Drone  
  18  1:20  Hatchery  
  18  1:22  Drone  
  18  1:25  Drone  
  19  1:28  Extractor  
  19  1:30  Drone  
  19  1:45  Spawning Pool  
  19  1:47  Drone  
  19  1:50  Drone  
  20  2:00  Drone  
  21  2:06  Drone  
  22  2:12  Drone  
  23  2:17  Drone  
  24  2:31  Metabolic Boost, Queen x2  
  24  2:33  Drone  
  24  2:34  Drone  
  30  2:37  Drone  
  30  2:39  Drone  
  30  2:43  Drone  
  33  2:47  Overlord  
  33  2:49  Overlord  
  33  2:52  Drone  
  34  3:09  Queen  
  36  3:13  Zergling x2  
  36  3:14  Zergling x6  
  36  3:18  Overlord  
  40  3:22  Evolution Chamber, Overlord, Zergling x4  
  40  3:23  Overlord  
  41  3:30  Zergling x2  
  42  3:43  Zergling x2  
  42  3:44  Zergling x16  
  51  3:58  Overlord  
  51  3:59  Queen  
  53  4:06  Zergling x6  
  53  4:07  Zergling x2  
  53  4:09  Zergling x2  
  57  4:13  Zergling x2  
  57  4:14  Zergling x2  
  57  4:15  Zergling x10  
  61  4:19  Zergling x4  
  63  4:27  Zergling x4  
  63  4:28  Zergling x2  
  66  4:37  Zergling x8  
  65  4:39  Zergling x2  
  62  4:47  Zergling x4  
  62  4:51  Zergling x2  
  62  4:52  Zergling x4  
  64  5:00  Drone x2  
  64  5:01  Overlord x3  
  65  5:13  Drone  
  65  5:14  Drone x2  
  65  5:15  Drone  
  65  5:17  Drone  
  65  5:20  Lair  
  64  5:21  Drone x2  
  66  5:29  Drone x3  
  66  5:30  Drone x2  
  66  5:33  Spore Crawler x2  
  66  5:35  Spore Crawler  
  66  5:36  Drone  
  66  5:38  Drone x2  
  66  5:41  Drone  
  70  5:46  Drone x3  
  70  5:48  Extractor  
  71  5:50  Extractor  
  71  5:51  Extractor, Drone x2  
  71  5:54  Drone x2  
  72  6:00  Drone, Extractor  
  72  6:08  Drone x2  
  72  6:09  Drone x4  
  74  6:12  Drone x2  
  74  6:18  Overlord  
  76  6:20  Hydralisk Den  
  76  6:23  Drone  
  75  6:26  Drone x3  
  75  6:28  Drone x3  
  75  6:30  Drone x4  
  85  6:36  Baneling Nest  
  85  6:37  Zerg Melee Weapons Level 1  
  85  6:39  Overlord  
  84  6:45  Drone x3  
  86  6:53  Muscular Augments  
  83  6:56  Extractor  
  83  7:00  Drone, Hatchery  
  83  7:01  Drone x3  
  84  7:05  Hydralisk x2  
  84  7:07  Hydralisk  
  87  7:12  Hydralisk  
  87  7:21  Overlord x3, Hydralisk x2  
  90  7:28  Centrifical Hooks  
  90  7:29  Pneumatized Carapace  
  90  7:31  Queen  
  90  7:39  Hydralisk  
  90  7:41  Hydralisk x3  
  98  7:50  Hydralisk x2  
  102  7:55  Drone x2  
  102  8:02  Overlord  
  102  8:04  Hydralisk  
  102  8:05  Hydralisk  
  106  8:06  Overlord x2  
  106  8:07  Overlord x2  
  106  8:21  Hatchery  
  106  8:22  Overlord x2  
  106  8:26  Overseer  
  105  8:31  Zergling x22  
  115  8:42  Baneling x14  
  115  8:44  Hydralisk x2  
  119  8:49  Hydralisk x2  
  123  8:57  Hydralisk  
  125  9:10  Hydralisk x8  
  125  9:13  Zergling x4  
  125  9:14  Zergling x2  
  125  9:16  Zergling x2  
  141  9:27  Hydralisk, Zergling x2  
  141  9:28  Hydralisk, Zergling x12  
  142  9:31  Hydralisk  
  142  9:33  Zergling x2  
  136  9:39  Zergling x10  
  141  9:48  Baneling x9  
  141  9:52  Zerg Melee Weapons Level 2  
  140  9:55  Zergling x10  
  140  9:58  Zergling x4  
  143  10:05  Zergling x8  
  145  10:14  Zergling x2  
  140  10:16  Baneling  
  140  10:17  Zergling x4  
  131  10:21  Zergling x2  
  131  10:22  Zergling x18  
  131  10:26  Zergling x2  
  120  10:36  Hydralisk x5  
  120  10:37  Zergling x4  
  120  10:39  Hydralisk  
  120  10:40  Zergling x2  
  120  10:42  Hydralisk  
  120  10:45  Hydralisk  
  120  10:49  Hydralisk  
  105  10:50  Hydralisk  
  105  10:57  Overseer  
  106  11:07  Lurker Den  
  106  11:11  Hydralisk x5  
  106  11:12  Roach Warren  
  115  11:20  Baneling x4  
  115  11:30  Hydralisk x5  
  121  11:48  Hydralisk  
  121  11:49  Hydralisk  
  121  11:50  Baneling x18  
  121  11:51  Zergling x8  
  121  11:52  Zergling x2  
  130  11:57  Hydralisk x2  
  130  11:58  Zergling x2  
  135  12:14  Hydralisk x6  
  135  12:15  Zergling x4  
  144  12:27  Drone x4  
  144  12:28  Drone x2  
  150  12:36  Overlord x2  
  150  12:37  Overlord  
  150  12:42  Hatchery  
  146  12:57  Zergling x30  
  140  13:00  Zergling x2  
  140  13:01  Zergling x4  
  130  13:05  Zergling x2  
  130  13:19  Hydralisk  
  120  13:30  Hydralisk  
  120  13:31  Hydralisk  
  120  13:32  Hydralisk  
  120  13:33  Hydralisk x10  
  132  13:36  Hydralisk  
  132  13:38  Zergling x2  
Show
View Real Time Build Order
Export as new Build Order

Jieshi Protoss - Winner!

Build Orders: Nexus First, Phoenix Opening 

Get SALT Encoding   

  12  0:01  Probe (Chrono Boost)  
  13  0:11  Probe (Chrono Boost)  
  14  0:17  Pylon  
  14  0:22  Probe (Chrono Boost)  
  15  0:35  Probe (Chrono Boost)  
  16  0:46  Probe (Chrono Boost)  
  17  0:58  Nexus  
  17  1:08  Gateway  
  17  1:11  Probe (Chrono Boost)  
  18  1:21  Probe (Chrono Boost), Assimilator  
  19  1:26  Assimilator  
  19  1:32  Probe (Chrono Boost)  
  20  1:36  Pylon  
  20  1:42  Probe (Chrono Boost)  
  21  1:53  Probe (Chrono Boost)  
  22  1:57  Cybernetics Core  
  22  2:03  Probe (Chrono Boost)  
  23  2:12  Probe (Chrono Boost)  
  23  2:14  Probe (Chrono Boost)  
  26  2:23  Probe (Chrono Boost)  
  26  2:24  Probe (Chrono Boost)  
  27  2:33  Probe (Chrono Boost)  
  27  2:35  Stargate, Adept, Probe (Chrono Boost)  
  31  2:37  Warp Gate  
  31  2:44  Probe (Chrono Boost)  
  32  2:46  Probe (Chrono Boost)  
  33  2:54  Probe (Chrono Boost)  
  33  2:56  Mothership Core (Chrono Boost)  
  36  3:02  Adept  
  36  3:05  Probe (Chrono Boost)  
  39  3:08  Pylon  
  39  3:14  Probe (Chrono Boost)  
  39  3:15  Probe (Chrono Boost)  
  39  3:18  Phoenix (Chrono Boost)  
  43  3:24  Probe  
  43  3:26  Probe  
  45  3:33  Nexus  
  45  3:34  Probe  
  45  3:38  Probe  
  47  3:42  Phoenix (Chrono Boost)  
  49  3:48  Pylon  
  49  3:49  Probe  
  49  3:50  Pylon  
  49  3:52  Probe  
  51  3:56  Pylon  
  54  4:18  Gateway  
  54  4:20  Gateway  
  54  4:22  Phoenix (Chrono Boost), Probe, Pylon  
  54  4:24  Probe  
  54  4:26  Assimilator  
  54  4:29  Assimilator  
  55  4:32  Probe  
  55  4:36  Probe  
  57  4:42  Pylon  
  57  4:43  Oracle (Chrono Boost)  
  57  4:45  Gateway  
  60  4:47  Gateway  
  60  4:48  Adept  
  61  4:53  Probe  
  61  4:56  Pylon  
  60  5:01  Pylon  
  60  5:06  Pylon  
  60  5:18  Robotics Facility  
  60  5:20  Forge  
  63  5:22  Gateway  
  60  5:30  Sentry  
  60  5:32  Probe  
  60  5:34  Probe  
  67  5:40  Phoenix (Chrono Boost)  
  67  5:41  Gateway  
  66  5:43  Probe, Gateway  
  66  5:46  Probe, Pylon  
  68  5:55  Pylon  
  68  5:57  Protoss Ground Weapons Level 1  
  68  5:59  Sentry, Adept x2  
  68  6:00  Probe  
  68  6:01  Phoenix (Chrono Boost)  
  68  6:02  Probe  
  77  6:11  Probe  
  77  6:14  Probe, Warp Prism (Chrono Boost)  
  81  6:24  Phoenix  
  83  6:28  Pylon  
  83  6:30  Nexus  
  83  6:33  Sentry, Pylon  
  83  6:37  Probe  
  83  6:38  Pylon  
  86  6:46  Probe  
  87  6:51  Nexus  
  87  6:59  Twilight Council, Probe  
  89  7:01  Phoenix, Probe  
  91  7:13  Probe x2  
  93  7:20  Zealot x3  
  99  7:23  Probe, Photon Cannon  
  99  7:25  Probe  
  99  7:26  Phoenix  
  107  7:30  Immortal (Chrono Boost)  
  107  7:35  Robotics Facility  
  107  7:37  Templar Archives  
  107  7:40  Charge (Chrono Boost)  
  107  7:50  Probe  
  107  7:51  Phoenix  
  110  7:59  Probe, Pylon  
  110  8:03  Probe, Pylon  
  110  8:04  Probe  
  110  8:05  Psionic Storm  
  110  8:11  Zealot, Probe, Pylon  
  114  8:13  Pylon  
  114  8:14  Probe  
  114  8:16  Pylon  
  114  8:18  High Templar  
  115  8:25  Probe  
  116  8:31  Immortal  
  116  8:33  Assimilator  
  120  8:37  Probe, Assimilator  
  120  8:38  Gateway  
  120  8:39  Probe x2  
  123  8:42  Gateway  
  123  8:43  Zealot x2, High Templar  
  129  8:55  Zealot x2, High Templar  
  130  9:01  Pylon  
  134  9:04  Gateway  
  134  9:06  Protoss Ground Weapons Level 2 (Chrono Boost)  
  134  9:07  Gateway  
  134  9:08  Gateway  
  134  9:13  Zealot x2  
  134  9:15  Zealot  
  140  9:20  Immortal  
  135  9:28  High Templar  
  135  9:29  Zealot x2  
  129  9:39  Zealot x2  
  129  9:40  Zealot  
  130  9:51  Pylon  
  130  9:52  Zealot x2  
  134  9:53  Pylon  
  134  9:55  Pylon  
  132  10:00  High Templar  
  132  10:01  Zealot x2, High Templar  
  132  10:03  Zealot  
  132  10:06  Archon  
  140  10:10  Pylon  
  140  10:11  Zealot x2  
  140  10:12  Pylon  
  122  10:16  Zealot x2  
  117  10:23  Zealot x3  
  109  10:37  High Templar x4  
  109  10:43  Archon  
  109  10:46  Nexus, Zealot  
  109  10:47  Zealot x2  
  105  10:56  Pylon  
  105  10:58  Pylon  
  105  11:02  High Templar x2  
  105  11:04  Gateway  
  109  11:10  Archon  
  109  11:11  Zealot x3  
  113  11:15  Photon Cannon  
  113  11:28  Protoss Ground Armor Level 1 (Chrono Boost), Zealot x2, High Templar x2  
  121  11:33  Immortal (Chrono Boost)  
  121  11:39  Zealot  
  126  11:50  Phoenix  
  126  11:51  Zealot x2  
  126  11:52  Zealot  
  134  11:59  Photon Cannon  
  134  12:04  Probe  
  134  12:07  Assimilator  
  135  12:12  Immortal (Chrono Boost), Assimilator, High Templar  
  135  12:14  High Templar  
  143  12:16  Probe  
  143  12:20  Archon, High Templar  
  143  12:21  High Templar  
  143  12:22  Zealot x2  
  142  12:24  Zealot  
  142  12:26  Archon  
  144  12:30  Stalker, Zealot  
  144  12:32  Probe  
  149  12:43  Stalker x3  
  155  12:44  Probe  
  155  12:46  Observer (Chrono Boost)  
  155  12:47  Zealot  
  157  12:51  Zealot x2  
  143  13:01  High Templar  
  143  13:02  Zealot x2, High Templar  
  143  13:09  Zealot x2  
  143  13:10  Zealot x2  
  131  13:36  Archon x3  
  131  13:38  High Templar x3  
  131  13:39  Zealot, High Templar x3  
  131  13:40  Zealot x3  
Tags
 
Add a new tag
Caveats
  • Supply blocks, unpowered buildings, or Contaminate may cause inaccurate times.
  • Supply counts are checked every 10 seconds.